cohdb
Replays
Latest Replays
All Replays
Popular Replays
Top Player Replays
Match Explorer
How It Works
Community
CoH3 Stats
Reddit
Sign in to upload your games and track your stats! →
Sign in with Steam
Match 21809738
Unlisted
Match 21809738
Overview
Messages
Build Orders
End
Construct Infanterie Kompanie
Kettenkrad Recon Vehicle
Selects Mechanized Battlegroup
Selects Mechanized Battlegroup
Selects Mechanized Battlegroup
Selects Mechanized Battlegroup
Grenadier Squad
MG 42 Machine Gun Team
Grenadier Squad
Grenadier Squad
Infanterie Officer Quarters
Construct Panzergrenadier Kompanie
Panzergrenadier Squad
Panzergrenadier Squad
Grenadier Squad
Selects Mobile Repair Stations
Selects Wespe Self-propelled Artillery
Wespe Self-propelled Artillery
Panzergrenadier Officer Quarters
Construct Panzer Kompanie
Stoßtruppen Squad
Seocheon
Mohawk
kkimmu
Ermac
Mixrundiy
CooLAndre
0
0
Comments
sign in to comment!
No comments posted yet!